 Dungeon Crawl Stone Soup version 0.30-a0-760-g5a9884bb7c (webtiles) character file.

Game seed: 18290413404475126767

501 quinnr the Zephyrmancer (level 7, -5/36 HPs)
             Began as a Tengu Air Elementalist on Feb 10, 2023.
             Slain by Grinder (6 damage)
             ... on level 5 of the Dungeon.
             The game lasted 00:11:03 (5955 turns).

quinnr the Zephyrmancer (Tengu Air Elementalist)    Turns: 5955, Time: 00:11:03

Health: -5/36      AC:  3    Str:  8    XL:     7   Next: 17%
Magic:  5/11       EV: 14    Int: 17    God:
Gold:   177        SH:  7    Dex: 15    Spells: 7/10 levels left

rFire   . . .      SeeInvis .    (no weapon)
rCold   . . .      Faith    .    h - +2 buckler
rNeg    . . .      Spirit   .    a - +0 robe
rPois   .          Reflect  .    (helmet restricted)
rElec   .          Harm     .    i - +0 cloak
rCorr   .          Rampage  .    (no gloves)
Will    .....                    (boots unavailable)
Stlth   ++                       (no amulet)
HPRegen 0.26/turn                (no ring)
MPRegen 0.12/turn                (no ring)

@: flying quickly and evasively, quick
A: beak, talons 3, nimble flight
a: no special abilities


You were on level 5 of the Dungeon.
You visited 1 branch of the dungeon, and saw 5 of its levels.
You also visited: Sewer.

You collected 177 gold pieces.


Innate Abilities, Weirdness & Mutations

You have a beak for a mouth.
You have claws for feet.
Your magical nature lets you fly swiftly and evasively.


   Skills:
 - Level 2.1 Dodging
 - Level 2.0 Stealth
 - Level 3.0 Shields
 - Level 2.0 Spellcasting
 - Level 1.3 Conjurations
 + Level 9.5 Air Magic


You had 7 spell levels left.
You knew the following spells:

 Your Spells              Type           Power      Damage    Failure   Level
t - Static Discharge      Conj/Air       40%        2-4/arc   4%          2
z - Shock                 Conj/Air       80%        1d8       2%          1

Your spell library contained the following spells:

 Spells                   Type           Power      Damage    Failure   Level
 Swiftness                Air            34%        N/A       1%          3
 Airstrike                Air            17%        2d(3-19)  4%          4
 Kiss of Death            Conj/Necr      16%        2d6       19%         1
 Confusing Touch          Hex            1%         N/A       58%         3
 Dispel Undead            Necr           1%         3d6       94%         4

Inventory:

Missiles
 e - 5 poisoned darts
Armour
 a - a +0 robe (worn)
 h - a +2 buckler (worn)
 i - a +0 cloak (worn)
Jewellery
 v - an amulet of magic regeneration
Scrolls
 d - a scroll of enchant weapon
 g - 2 scrolls of silence {unknown}
 k - 3 scrolls of identify {unknown}
 l - 2 scrolls of fear {unknown}
 o - a scroll of blinking
 p - a scroll of magic mapping
 r - a scroll of vulnerability {unknown}
 s - a scroll of brand weapon {unknown}
 t - a scroll of teleportation {unknown}
 w - a scroll of immolation {unknown}
Potions
 b - a potion of magic
 c - 2 potions of invisibility {unknown}
 f - 4 potions of heal wounds {unknown}
 j - a potion of attraction {unknown}
 m - 2 potions of curing {unknown}
 n - a potion of brilliance {unknown}
 q - 2 potions of haste {unknown}
 u - a potion of mutation {unknown}

Dungeon Overview and Level Annotations

Branches:
Dungeon (5/15)              Sewer (visited)
 Temple: D:4-7

Altars:
Qazlal
Wu Jian

Annotations:
D:4 2 transporters
D:5 Grinder

#####.#
######
#.....#
#..?..
#<#####
#..... #...#
#..).5#####.#
#..@...#.#
######...#
##.....#
##..### ....#
###... #.##
.. #..


You could see Grinder.


Message History

You see here a scroll of magic mapping.
Casting: Shock (safe; 2% risk of failure)
Confirm with . or Enter, or press ? or * to list all spells.
Grinder is struck by an arc of lightning.
Grinder is lightly wounded.
You are struck by an arc of lightning.
Grinder is struck by an arc of lightning.
Grinder is moderately wounded.
The lightning grounds out.
Grinder hits you!
You writhe in agony.
* * * LOW HITPOINT WARNING * * *
Casting: Static Discharge (safe; 4% risk of failure)
Confirm with . or Enter, or press ? or * to list all spells.
Grinder is struck by an arc of lightning.
Grinder is moderately wounded.
You are struck by an arc of lightning.
* * * LOW HITPOINT WARNING * * *
Grinder is struck by an arc of lightning.
Grinder is moderately wounded.
The lightning grounds out.
Grinder hits you!
* * * LOW HITPOINT WARNING * * *
Casting: Static Discharge (safe; 4% risk of failure)
Confirm with . or Enter, or press ? or * to list all spells.
Grinder is struck by an arc of lightning.
Grinder is heavily wounded.
You are struck by an arc of lightning.
* * * LOW HITPOINT WARNING * * *
Grinder is struck by an arc of lightning.
Grinder is heavily wounded.
The lightning grounds out.
Grinder hits you.
You die...

Skill      XL: |  1  2  3  4  5  6 |
---------------+-------------------+-----
Air Magic      | 5 6 7 9 |  9.5
Shields        | 1 2 3 |  3.0
Dodging        | |  2.1
Stealth        | |  2.0
Spellcasting   | |  2.0
Conjurations   | |  1.3

Action                     |  1- 3 |  4- 6 |  7- 9 || total
---------------------------+-------+-------+-------++-------
  Melee: Unarmed           |       |    11 |     3 ||    14
         Kick              |       |     2 |     2 ||     4
         Peck              |       |     1 |     1 ||     2
   Cast: Shock             |    91 |   139 |    26 ||   256
         Static Discharge  |       |    11 |     6 ||    17
    Use: Scroll            |       |     3 |       ||     3
 Armour: Robe              |     1 |     5 |       ||     6
  Dodge: Dodged            |    11 |    34 |     4 ||    49
  Block: Buckler           |     1 |    16 |     1 ||    18

Levels and vault maps discovered:
D:1:      dpeg_arrival_subterranean_lakeside_camping, layout_basic,
          ebering_ecumenical_altar_sacrificial, st_stairs_13,
          minmay_misc_feat_cross
D:2:      layout_loops_ring
D:3:      layout_basic, lightli_sewer_entry_pipes, uniq_terence
D:4:      gammafunk_wand_slinger, layout_cave_pods,
          pdpol_wu_jian_five_deadly_venoms, grunt_qazlal_sundering
D:5:      layout_rooms, mainiacjoe_overflow_surrounded_room, temple_green,
          uniq_ijyb, uniq_grinder

Notes
Turn   | Place    | Note
-------+----------+-------------------------------------------
     0 | D:1      | quinnr the Tengu Air Elementalist began the quest for the
                  | Orb.
     0 | D:1      | Reached XP level 1. HP: 10/10 MP: 4/4
   214 | D:1      | Reached XP level 2. HP: 15/15 MP: 4/6
   410 | D:1      | Reached skill level 5 in Air Magic
   460 | D:1      | Found a faded altar of an unknown god.
   976 | D:2      | Reached XP level 3. HP: 19/19 MP: 1/7
  1517 | D:2      | Reached skill level 1 in Shields
  1756 | D:2      | Identified the +2 leather armour of the Unbroken {-Cast
                  | Rampage rCorr}
  2052 | D:3      | Noticed Terence
  2079 | D:3      | HP: 1/19 [Terence/+0 trident (10)]
  2080 | D:3      | Killed Terence
  2081 | D:3      | Reached skill level 6 in Air Magic
  2081 | D:3      | Reached XP level 4. HP: 1/24 MP: 0/8
  2154 | D:3      | Found a glowing drain.
  2182 | Sewer    | Entered a sewer
  2188 | Sewer    | Learned a level 2 spell: Static Discharge
  2273 | Sewer    | Reached skill level 2 in Shields
  2600 | Sewer    | Gained mutation: Your magical nature lets you fly swiftly
                  | and evasively. [Tengu growth]
  2600 | Sewer    | Reached XP level 5. HP: 28/28 MP: 5/9
  3208 | Sewer    | Reached skill level 3 in Shields
  3208 | Sewer    | Reached skill level 7 in Air Magic
  3208 | Sewer    | Reached XP level 6. HP: 19/32 MP: 0/10
  3329 | Sewer    | Reached skill level 8 in Air Magic
  4869 | D:4      | Found a stormy altar of Qazlal.
  4957 | D:4      | Reached skill level 9 in Air Magic
  4957 | D:4      | Reached XP level 7. HP: 36/36 MP: 1/11
  5129 | D:4      | Found a transporter.
  5196 | D:4      | Found an ornate altar of the Wu Jian Council.
  5245 | D:4      | Found a transporter.
  5940 | D:5      | Entered Level 5 of the Dungeon
  5952 | D:5      | Noticed Grinder
  5954 | D:5      | HP: 2/36 [Grinder (10)]
  5955 | D:5      | Slain by Grinder

Vanquished Creatures
  2 bullfrogs (Sewer)
  A phantom (D:4)
  A gnoll bouda (D:4)
  Terence (D:3)
  5 gnolls
  4 river rats (Sewer)
  6 adders
  A worm (D:3)
  A dart slug (D:4)
  An orc (D:3)
  10 bats
  11 endoplasms
  3 giant cockroaches
  2 hobgoblins (D:2)
  2 quokkas (D:3)
  16 ball pythons
  7 frilled lizards
  7 goblins
  10 kobolds
  43 rats
134 creatures vanquished.

Table legend: (Time is in decaauts)
 A = Elapsed time spent in this place.
 B = Non-inter-level travel time spent in this place.
 C = Inter-level travel time spent in this place.
 D = Time resting spent in this place.
 E = Time spent auto-exploring this place.
 F = Levels seen in this place.
 G = Mean time per level.
                   A        B        C        D        E       F      G
               +--------+--------+--------+--------+--------+-----+--------+
         Total |   5837 |   5670 |    167 |    628 |   4221 |   6 |  972.8 |
       Dungeon |   4576 |   4409 |    167 |    528 |   3313 |   5 |  915.2 |
         Sewer |   1260 |   1260 |      0 |    100 |    908 |   1 | 1260.0 |
               +--------+--------+--------+--------+--------+-----+--------+

Top non-repeatable levels by time:
     D:3: 1431 daAuts
   Sewer: 1260 daAuts
     D:4: 1140 daAuts
     D:2: 1044 daAuts
     D:1: 946 daAuts
     D:5: 13 daAuts

Table legend:
 A = Non-vault XP
 B = Vault XP
 C = Vault XP percentage of total XP
 D = Non-vault monster count
 E = Vault monster count
 F = Vault count percentage of total count
                 A         B        C        D         E       F
            +---------+---------+-------+---------+---------+-------
      Total |     303 |     414 |  57.7 |      62 |      72 |  53.7
            +---------+---------+-------+---------+---------+-------
        D:1 |      20 |      11 |  35.5 |      15 |       8 |  34.8
        D:2 |      45 |       0 |   0.0 |      23 |       0 |   0.0
        D:3 |      46 |      68 |  59.6 |      10 |       5 |  33.3
        D:4 |     192 |       0 |   0.0 |      14 |       0 |   0.0
      Sewer |       0 |     335 | 100.0 |       0 |      59 | 100.0
            +---------+---------+-------+---------+---------+-------
